 Dungeon Crawl Stone Soup version 0.18-a0-1285-g60d00e1 (webtiles) character file.

422 M4edhros the Sneak (level 6, 0/38 HPs)
             Began as an Octopode Artificer on Feb 8, 2016.
             Slain by a giant gecko (5 damage)
             ... on level 5 of the Dungeon.
             The game lasted 00:07:25 (4125 turns).

M4edhros the Sneak (Octopode Artificer)             Turns: 4125, Time: 00:07:25

Health: 0/38       AC:  1    Str: 10      XL:     6   Next: 95%
Magic:  9/9        EV: 18    Int: 21 (22) God:    Xom [..*...]
Gold:   190        SH:  0    Dex: 12      Spells: 0 memorised, 5 levels left

rFire  . . .     SeeInvis .     l - +1 hunting sling (evade)
rCold  . . .     Gourm    .     (no shield)
rNeg   . . .     Faith    .     (helmet restricted)
rPois  .         Spirit   .     j - amulet of magic regeneration
rElec  .         Dismiss  .     (no ring)
rCorr  .         Reflect  .     (no ring)
SustAt .         Harm     .     (no ring)
MR     .....                    (no ring)
Stlth  ++++......               (no ring)
                                (no ring)
                                (no ring)
                                (no ring)

@: brilliant, drained, not resistant to hostile enchantments, stealthy
A: almost no armour, amphibious, 8 rings, constrict 8, camouflage 1, gelatinous
body 1
a: Renounce Religion


You were on level 5 of the Dungeon.
You worshipped Xom.
You were a toy of Xom.
You were not hungry.

You visited 1 branch of the dungeon, and saw 5 of its levels.

You collected 190 gold pieces.

Inventory:

Hand Weapons
 a - a +0 short sword
 l - a +1 hunting sling of evasion (weapon)
 z - a +0 spear of freezing
Missiles
 i - 8 curare-tipped needles
 r - 23 stones (quivered)
Jewellery
 j - an amulet of magic regeneration (around mantle)
 q - an uncursed amulet of harm
Wands
 b - a wand of flame (8/48)
 c - a wand of enslavement (15/24)
 d - a wand of random effects (5/48)
Scrolls
 g - a scroll of noise
 u - 2 scrolls of teleportation
Potions
 e - a potion of resistance {unknown}
 h - 2 potions of degeneration
 m - a potion of brilliance
 n - a potion of curing
 o - a potion of haste {unknown}
 p - a potion of flight {unknown}
 s - 2 potions of mutation {unknown}
Books
 x - a book of the Dragon

   Spells                             Type                      Level
   a - Flame Tongue                   Conjuration/Fire             1
   b - Cause Fear                     Hexes                        4
   c - Bolt of Fire                   Conjuration/Fire             6
   d - Dragon Form                    Transmutation                7
   e - Dragon's Call                  Summoning                    9
Comestibles
 f - 5 bread rations
 k - a meat ration
 t - a chunk of flesh
 w - 3 fruits


   Skills:
 - Level 1.0(0.2) Fighting
 - Level 1.0(0.2) Short Blades
 * Level 1.5(0.7) Slings
 + Level 4.4(3.5) Dodging
 + Level 6.3(5.4) Stealth
 + Level 4.6(3.7) Evocations


You had 5 spell levels left.
You didn't know any spells.

Dungeon Overview and Level Annotations

Branches:
Dungeon (5/15)
 Temple: D:4-7

Altars:
Xom

Annotations:
D:4 Pikel


Innate Abilities, Weirdness & Mutations

You cannot wear most types of armour.
You are amphibious.
You can wear up to eight rings at the same time.
You can use your tentacles to constrict eight enemies at once.
Your skin changes colour to match your surroundings (Stealth).
Your rubbery body absorbs attacks (AC +1).


Message History

Drink which item? (? for menu, Esc to quit)
It was a potion of brilliance.
You feel clever all of a sudden.
You constrict the orc. The giant gecko misses you. The orc closely misses you.
Drink which item? (? for menu, Esc to quit)
It was a potion of curing.
You feel better.
You constrict the orc. The giant gecko misses you.
The orc hits you but does no damage.
You closely miss the giant gecko. Your grab misses the giant gecko.
Your squeeze misses the giant gecko.
The giant gecko is moderately wounded.
You constrict the orc.
You kill the orc!
The giant gecko closely misses you. The giant gecko bites you.
* * * LOW HITPOINT WARNING * * *
You clumsily bash the giant gecko but do no damage.
Your grab misses the giant gecko.
The giant gecko is moderately wounded.
The giant gecko bites you.
You die... "I guess I need a new plaything now."

..#....(.#....## .....
...........o..###.... .
###..#...(..............
..............#..##...
.......#...o......(....
..##..#............
.......##..........
#.....###.#........
###...#@##§.(.##..#
##..)l#§).....(.
##...§§§...##...
#...(.....#.# ..
#...#.....### ≈
#..........#
#...........#
#..............
#..............


You could see a giant gecko.

Vanquished Creatures
  The ghost of M4edhros the Charlatan, a weakling OpAr (D:4)
  2 hounds
  2 orc priests
  2 orc wizards (D:4)
  Ijyb (D:3)
  A worker ant (D:4)
  Robin (D:4)
  A hound skeleton (D:5)
  5 adders
  An ooze (D:1)
  3 worms
  2 giant geckos
  12 orcs
  5 bats
  2 giant cockroaches
  8 goblins
  3 hobgoblins
  11 jackals
  2 quokkas
  4 giant newts
  2 kobolds (D:2)
  5 rats
76 creatures vanquished.

Notes
Turn   | Place    | Note
--------------------------------------------------------------
     0 | D:1      | M4edhros the Octopode Artificer began the quest for the Orb.
     0 | D:1      | Reached XP level 1. HP: 13/13 MP: 3/3
   116 | D:1      | Reached XP level 2. HP: 9/18 MP: 4/4
   603 | D:2      | Reached XP level 3. HP: 23/23 MP: 5/5
  1313 | D:3      | Reached XP level 4. HP: 23/28 MP: 6/6
  1336 | D:3      | Noticed Ijyb
  1450 | D:3      | Killed Ijyb
  1450 | D:3      | Reached skill level 4 in Stealth
  1759 | D:3      | Reached XP level 5. HP: 25/33 MP: 7/7
  2145 | D:4      | Noticed a slave
  2145 | D:4      | Noticed a slave
  2208 | D:4      | Reached skill level 5 in Stealth
  2399 | D:4      | Noticed Robin
  2514 | D:4      | Noticed M4edhros's ghost (weakling OpAr)
  2524 | D:4      | Killed M4edhros's ghost
  2578 | D:4      | Reached XP level 6. HP: 32/38 MP: 9/9
  2902 | D:4      | Found a shimmering altar of Xom.
  2921 | D:4      | Became a worshipper of Xom of Chaos
  2940 | D:4      | Noticed Pikel
  2940 | D:4      | Noticed a slave
  3299 | D:4      | XOM: potion effect (agility)
  3301 | D:4      | Reached skill level 6 in Stealth
  3312 | D:4      | Killed Robin
  3469 | D:4      | Reached skill level 1 in Slings
  3519 | D:4      | XOM: torment (12/38 hp)
  3733 | D:5      | Entered Level 5 of the Dungeon
  3747 | D:5      | XOM: 1-stop teleportation journey
  3909 | D:4      | XOM: stat loss: -1 Int (16/17)
  4114 | D:5      | XOM: smoke on damage
  4125 | D:5      | Slain by a giant gecko

Vault maps used:
D:1:      saegor_arrival_under_anarchy
D:3:      uniq_iyjb
D:4:      lemuel_doored_altar, first_bread, uniq_robin, uniq_pikel
D:5:      temple_pool_b, serial_shops, shop, minmay_splitting_lines,
          uniq_menkaure

Action                   |  1- 3 |  4- 6 || total
-------------------------+-------+-------++-------
Melee: Short sword       |    57 |       ||    57
       Hunting sling     |       |    71 ||    71
 Fire: Hunting sling     |    18 |   149 ||   167
Evoke: Wand              |       |    17 ||    17
  Use: Scroll            |     3 |     6 ||     9
       Potion            |       |     2 ||     2
 Stab: Sleeping          |    11 |     2 ||    13
  Eat: Chunk             |     1 |     9 ||    10
